 Dungeon Crawl Stone Soup version 0.31-a0-152-g6aa68a64a1 (webtiles) character file.

Game seed: 18330275365826636202

28 Elmgren the Trooper (level 2, -2/27 HPs)
             Began as a Minotaur Berserker on June 11, 2023.
             Was a Believer of Trog.
             Slain by a gnoll
             ... wielding a +0 halberd
              (15 damage)
             ... on level 2 of the Dungeon.
             The game lasted 00:02:36 (772 turns).

Elmgren the Trooper (Minotaur Berserker)             Turns: 772, Time: 00:02:36

Health: -2/27      AC:  2    Str: 21    XL:     2   Next: 96%
Magic:  1/1        EV: 12    Int:  4    God:    Trog [**....]
Gold:   56         SH:  0    Dex:  9    Spells: 1/1 levels left

rFire   . . .        e - +4 hand axe
rCold   . . .        (no shield)
rNeg    . . .        b - +0 animal skin
rPois   .            (helmet restricted)
rElec   .            (no cloak)
rCorr   .            (no gloves)
SInv    .            (no boots)
Will    .....        (no amulet)
Stlth   +            (no ring)
HPRegen 0.24/turn    (no ring)
MPRegen 0.07/turn

%: no passive effects
@: no status effects
A: horns 2, retaliatory headbutt
a: Renounce Religion, Berserk, Trog's Hand


You were on level 2 of the Dungeon.
You worshipped Trog.
Trog was pleased with you.
You visited 1 branch of the dungeon, and saw 2 of its levels.

You collected 56 gold pieces.

Inventory:

Hand Weapons
 e - a +4 hand axe (weapon)
Armour
 b - a +0 animal skin (worn)
Jewellery
 d - a ring of protection from cold
Scrolls
 f - a scroll of teleportation {unknown}
Potions
 a - 2 potions of degeneration
 c - a potion of berserk rage {unknown}
 g - a potion of curing {unknown}
 i - 2 potions of lignification {unknown}


   Skills:
 + Level 4.2 Fighting
 + Level 4.1 Axes
 + Level 3.1 Armour
 - Level 2.1 Dodging


You had one spell level left.
You didn't know any spells.
Your spell library was empty.

Dungeon Overview and Level Annotations

Branches:
Dungeon (2/15)

Altars:

Shops:
D:1 [*


Innate Abilities, Weirdness & Mutations

You have a pair of horns on your head.
You reflexively headbutt those who attack you in melee.


Message History

You slash the hobgoblin!
You kill the hobgoblin!
Trog accepts your kill.
You see here a hobgoblin corpse.
A frilled lizard comes into view.
A frilled lizard is nearby!
A frilled lizard is nearby!
The frilled lizard hisses angrily.
A frilled lizard is nearby!
You hit the frilled lizard.
You kill the frilled lizard!
Trog accepts your kill.
You see here a frilled lizard corpse.
A gnoll comes into view. It is wielding a +0 spear.
The gnoll shouts!
A gnoll comes into view. It is wielding a +0 halberd.
The gnoll shouts!
A gnoll comes into view. It is wielding a +0 whip.
There are monsters nearby!
Found an escape hatch in the floor.
There are monsters nearby!
You hit the gnoll.
The gnoll is moderately wounded.
The gnoll misses you. The gnoll hits you with a +0 spear.
The gnoll barely misses you. The gnoll misses you. You furiously retaliate!
You headbutt the gnoll. You hit the gnoll. Your headbutt misses the gnoll.
The gnoll is heavily wounded.
You hit the gnoll. The gnoll misses you. The gnoll closely misses you.
You hit the gnoll.
The gnoll is almost dead.
You barely miss the gnoll. The gnoll closely misses you. x2
You slash the gnoll!
You kill the gnoll!
Trog accepts your kill.
You barely miss the gnoll.
An endoplasm comes into view.
The gnoll hits you with a +0 halberd! x2
Ouch! That really hurt!
You die...

#.# .# #.# .#
#.# .. #.# .#
#.# .# #.# ##.#
#.#.# #gg# #.#.#
###.####@# #.#.#
>....J.).# #.#.#
#..###.## #.#.#
#.# #.#.#
#.#####.#.#
#....†....#
#............###
#.############


You could see 2 gnolls and an endoplasm (wandering).

Vanquished Creatures
  A gnoll (D:2)
  4 endoplasms (D:1)
  A goblin (D:1)
  3 hobgoblins
  3 jackals (D:1)
  4 quokkas
  2 ball pythons (D:1)
  3 bats (D:1)
  A frilled lizard (D:2)
  2 kobolds (D:1)
  A rat (D:1)
25 creatures vanquished.

Notes
Turn   | Place    | Note
-------+----------+-------------------------------------------
     0 | D:1      | Elmgren the Minotaur Berserker began the quest for the Orb.
     0 | D:1      | Reached XP level 1. HP: 19/19 MP: 0/0
    49 | D:1      | Found Kocoh's Antique Armour Shop.
   191 | D:1      | Reached XP level 2. HP: 27/27 MP: 1/1
   334 | D:1      | Found Qasiudixku's General Store.
   684 | D:2      | Reached ** piety under Trog
   772 | D:2      | Slain by a gnoll

Illustrated notes

Levels and vault maps discovered:
D:1:      matt_arrival_spirals, layout_rooms, serial_shops,
          nicolae_shop_tiny_real_fake_doors, shop
D:2:      layout_loops_ring, uniq_natasha

Skill      XL: |  1  2 |
---------------+-------+-----
Fighting       | 4 |  4.2
Axes           | 4 |  4.1
Armour         | 3 |  3.1
Dodging        | |  2.1

Action                     || total
---------------------------++-------
  Melee: Hand axe          ||    40
         Headbutt          ||     3
    Use: Scroll            ||     2
 Armour: Animal skin       ||     8
  Dodge: Dodged            ||    31

Table legend: (Time is in decaauts)
 A = Elapsed time spent in this place.
 B = Non-inter-level travel time spent in this place.
 C = Inter-level travel time spent in this place.
 D = Time resting spent in this place.
 E = Time spent auto-exploring this place.
 F = Levels seen in this place.
 G = Mean time per level.
                   A        B        C        D        E       F      G
               +--------+--------+--------+--------+--------+-----+--------+
         Total |    775 |    750 |     25 |      0 |    622 |   2 |  387.5 |
       Dungeon |    775 |    750 |     25 |      0 |    622 |   2 |  387.5 |
               +--------+--------+--------+--------+--------+-----+--------+

Top non-repeatable levels by time:
     D:1: 632 daAuts
     D:2: 143 daAuts
